 Dungeon Crawl Stone Soup version 0.20-a0-959-gdc9e609 (webtiles) character file.

350 Firecrotchwizard the Chopper (level 6, -7/84 HPs)
             Began as a Minotaur Berserker on Apr 7, 2017.
             Was a Priest of Trog.
             Mangled by micr0chasm's ghost (9 damage)
             ... on level 4 of the Dungeon.
             The game lasted 00:06:25 (2551 turns).

Firecrotchwizard the Chopper (Minotaur Berserker)   Turns: 2551, Time: 00:06:25

Health: -7/84      AC: 10    Str: 26    XL:     6   Next: 33%
Magic:  0/5        EV: 10    Int:  4    God:    Trog [***...]
Gold:   86         SH:  0    Dex: 12    Spells: 5/5 levels left

rFire    . . .     SeeInvis .   p - +0 war axe
rCold    . . .     Gourm    .   (no shield)
rNeg     . . .     Faith    .   r - +0 chain mail
rPois    .         Spirit   +   (helmet restricted)
rElec    .         Reflect  .   i - +0 cloak
rCorr    .         Harm     .   (no gloves)
MR       +++..                  (no boots)
Stlth    ..........             v - amulet of guardian spirit
Regen    1.3/turn               j - ring of protection from magic
MPRegen  0.1/turn               y - ring of stealth

@: berserking, regenerating, drained, very quick
A: retaliatory headbutt, horns 2
a: Berserk, Trog's Hand, Burn Spellbooks, Renounce Religion


You were on level 4 of the Dungeon.
You worshipped Trog.
Trog was most pleased with you.
You were hungry.

You visited 1 branch of the dungeon, and saw 4 of its levels.

You collected 86 gold pieces.

Inventory:

Hand Weapons
 a - a +0 hand axe
 p - a +0 war axe (weapon)
Armour
 b - a +0 animal skin
 i - a +0 cloak (worn)
 n - a +0 ring mail
 r - a +0 chain mail (worn)
Jewellery
 j - a ring of protection from magic (left hand)
 v - an amulet of guardian spirit (around neck)
 y - a ring of stealth (right hand)
Scrolls
 d - a scroll of remove curse
 e - a scroll of teleportation
 k - 4 scrolls of identify {unknown}
 l - a scroll of amnesia {unknown}
 o - a scroll of fog {unknown}
 q - 2 scrolls of enchant weapon {unknown}
Potions
 f - a potion of brilliance {unknown}
 h - 2 potions of degeneration {unknown}
 m - a potion of invisibility {unknown}
 s - a potion of lignification {unknown}
 t - 2 potions of might {unknown}
 x - a potion of agility {unknown}
 z - a potion of resistance {unknown}
Comestibles
 c - 2 bread rations
 g - 4 fruits
 u - 11 chunks of flesh


   Skills:
 + Level 5.0(4.8) Fighting
 * Level 6.4(6.2) Axes
 + Level 3.9(3.6) Armour
 + Level 3.6(3.4) Dodging


You had 5 spell levels left.
You didn't know any spells.

Dungeon Overview and Level Annotations

Branches:
Dungeon (4/15)
 Temple: D:4-7

Altars:
Nemelex Xobeh
Okawaru
Sif Muna

Annotations:
D:3 1 exclusion
D:4 micr0chasm's ghost, novice HaAE


Innate Abilities, Weirdness & Mutations

You reflexively headbutt those who attack you in melee.
You have a pair of horns on your head.


Message History

Micr0chasm's ghost is heavily damaged.
Your skin stops crawling.
You feel less resistant to hostile enchantments.
Micr0chasm's ghost barely misses you. You furiously retaliate!
You headbutt micr0chasm's ghost, but do no damage.
Your skin crawls.
You feel resistant to hostile enchantments.
You feel somewhat more hungry.
Micr0chasm's ghost points at you and mumbles some strange words.
The zap hits you!
* * * LOW HITPOINT WARNING * * *
A red film seems to cover your vision as you go berserk!
You feel yourself moving faster!
You feel mighty!
You are feeling hungry.
Micr0chasm's ghost hits you!
* * * LOW HITPOINT WARNING * * *
You miss micr0chasm's ghost.
Micr0chasm's ghost is heavily damaged.
Micr0chasm's ghost hits you!
You die...

#######'######
#.# #.# #.# #.#
#.# #.#
####.#######.#
#............###
#.....######... #
#.....######.##.#
######.......@..#
#.#####W#### #.#
#(.....W# #.#
######### #.# #.#
#.. ###


You could see micr0chasm's ghost.

Vanquished Creatures
  4 orc wizards
  Natasha (thrice) (D:2)
  4 gnolls
  4 adders
  5 worms
  A dart slug (D:1)
  4 leopard geckos
  7 orcs
  2 ball pythons (D:3)
  2 giant cockroaches
  9 goblins
  6 hobgoblins
  3 jackals (D:2)
  5 kobolds
  2 quokkas (D:4)
  6 bats
  A frilled lizard (D:1)
  8 rats
76 creatures vanquished.

Notes
Turn   | Place    | Note
-------+----------+-------------------------------------------
     0 | D:1      | Firecrotchwizard the Minotaur Berserker began the quest for the Orb.
     0 | D:1      | Reached XP level 1. HP: 19/19 MP: 0/0
   235 | D:1      | Reached XP level 2. HP: 27/27 MP: 1/1
   337 | D:1      | Reached skill level 4 in Axes
   650 | D:1      | Reached XP level 3. HP: 33/33 MP: 2/2
   902 | D:2      | Reached ** piety under Trog
   919 | D:2      | Found an iron altar of Okawaru.
  1030 | D:2      | Reached XP level 4. HP: 36/40 MP: 3/3
  1033 | D:2      | Reached skill level 5 in Axes
  1311 | D:2      | Noticed Natasha
  1317 | D:2      | Killed Natasha
  1445 | D:2      | Found a sparkling altar of Nemelex Xobeh.
  1452 | D:2      | Noticed Natasha
  1458 | D:2      | Killed Natasha
  1458 | D:2      | Reached XP level 5. HP: 44/47 MP: 4/4
  1553 | D:2      | Noticed Natasha
  1565 | D:2      | Killed Natasha
  1731 | D:3      | Reached skill level 6 in Axes
  2088 | D:3      | Found a deep blue altar of Sif Muna.
  2256 | D:3      | Reached *** piety under Trog
  2474 | D:4      | Reached XP level 6. HP: 54/55 MP: 3/5
  2477 | D:4      | Reached skill level 5 in Fighting
  2518 | D:4      | Noticed micr0chasm's ghost (novice HaAE)
  2550 | D:4      | HP: 1/84 [micr0chasm's ghost (6)]
  2551 | D:4      | Mangled by micr0chasm's ghost

Vault maps used:
D:1:      lightli_arrival_noodles
D:2:      nicolae_overflow_crystal_walls, old_standard_altar, uniq_natasha
D:3:      nrook_mini_vaults, st_stairs_5, tgw_sif
D:4:      regret_index_temple_of_mockery, first_bread, grunt_decor_mini_mirrors,
          minmay_cupped

Skill      XL: |  1  2  3  4  5  6 |
---------------+-------------------+-----
Axes           | 4 5 6 |  6.4
Fighting       | 4 5 |  5.0
Armour         | 3 |  3.9
Dodging        | 3 |  3.6

Action                   |  1- 3 |  4- 6 || total
-------------------------+-------+-------++-------
Melee: Hand axe          |    47 |       ||    47
       Headbutt          |     9 |    18 ||    27
       War axe           |    14 |   126 ||   140
Throw: Tomahawk          |       |     3 ||     3
Invok: Trog's Hand       |       |     3 ||     3
       Berserk           |       |     1 ||     1
  Use: Scroll            |       |     2 ||     2
  Eat: Chunk             |       |     6 ||     6
Armor: Animal skin       |     4 |       ||     4
       Ring mail         |    10 |     4 ||    14
       Chain mail        |       |    52 ||    52
Dodge: Dodged            |    40 |    57 ||    97
